[ AOE2 MATCH · #495695578 ]
UnrankedMongols vs Mongols
Player's team · LOSS
Rival team · WIN
[ REPLAY ANALYSIS · EXTRACTED FROM THE RECORDED GAME ]
Feudal
8:27
Castle
22:48
Imperial
—
| APM avg | 55.3 |
| APM peak | 90 |
| eAPM avg | 25.0 |
| Villagers / military | 105 / 93 |
Focus
⚔️ 42.1% · 🌾 57.9%
Cavalry Archer ×47 · Steppe Lancer ×21 · Spearman ×11 · Skirmisher ×8 · Camel Scout ×6
Feudal
8:01
Castle
17:10
Imperial
—
| APM avg | 74.3 |
| APM peak | 92 |
| eAPM avg | 43.1 |
| Villagers / military | 156 / 80 |
Focus
⚔️ 50.4% · 🌾 49.6%
Cavalry Archer ×67 · Scout Cavalry ×7 · Monk ×5 · Skirmisher ×1
Match map
Initial resources + every placement click. Lines = walls · curves = elevation contours. ◆ gold · ⬟ stone · ● berries · ✦ relic · ◌ wall gap
Your base· ✓ Closed at 22:48 · 57t walls · 2 gate(s)
itsa true's base· ✓ Closed at 17:10 · 23t walls · 1 gate(s)
Smoothed initial terrain · ◌ = detected wall gap · hover for details
Inputs per minute
— aDT_Flempopo - - itsa true
Build order — aDT_Flempopo
First 150 of 304 actions detected
| 0:00 | Queue | Villager (Male) |
| 0:01 | Queue | Villager (Male) |
| 0:01 | Queue | Villager (Male) |
| 0:02 | Build | House |
| 0:03 | Build | House |
| 0:06 | Queue | Villager (Male) |
| 1:24 | Queue | Villager (Male) |
| 1:51 | Build | Lumber Camp |
| 1:55 | Queue | Villager (Male) |
| 1:55 | Queue | Villager (Male) |
| 2:22 | Queue | Villager (Male) |
| 2:49 | Queue | Villager (Male) |
| 3:01 | Queue | Villager (Male) |
| 3:20 | Build | House |
| 3:35 | Queue | Villager (Male) |
| 3:51 | Queue | Villager (Male) |
| 4:10 | Build | Mill |
| 4:20 | Queue | Villager (Male) |
| 4:33 | Queue | Villager (Male) |
| 5:13 | Queue | Villager (Male) |
| 5:40 | Research | Loom |
| 6:17 | Research | Feudal Age |
| 6:17 | Research | Feudal Age |
| 7:14 | Build | Barracks |
| 7:16 | Build | House |
| 7:29 | Queue | Villager (Male) |
| 8:27 | Age | Feudal Age |
| 8:29 | Queue | Spearman |
| 8:30 | Build | Archery Range |
| 8:33 | Queue | Villager (Male) |
| 8:36 | Research | Double-Bit Axe |
| 8:36 | Research | Double-Bit Axe |
| 8:52 | Queue | Spearman |
| 9:00 | Build | Palisade Gate |
| 9:03 | Queue | Villager (Male) |
| 9:15 | Build | Palisade Wall |
| 9:17 | Build | Palisade Gate |
| 9:20 | Queue | Spearman |
| 9:34 | Build | House |
| 9:44 | Build | House |
| 9:46 | Build | Palisade Wall |
| 9:46 | Build | Palisade Wall |
| 9:48 | Queue | Villager (Male) |
| 9:51 | Queue | Spearman |
| 10:11 | Queue | Villager (Male) |
| 10:22 | Build | House |
| 10:24 | Build | Palisade Wall |
| 10:26 | Queue | Villager (Male) |
| 10:33 | Queue | Spearman |
| 10:47 | Queue | Skirmisher |
| 10:48 | Queue | Villager (Male) |
| 10:55 | Queue | Villager (Male) |
| 11:03 | Build | Mill |
| 11:06 | Build | Palisade Wall |
| 11:12 | Queue | Spearman |
| 11:16 | Queue | Skirmisher |
| 11:16 | Queue | Villager (Male) |
| 11:29 | Research | Horse Collar |
| 11:43 | Queue | Skirmisher |
| 11:49 | Build | Palisade Wall |
| 11:58 | Queue | Villager (Male) |
| 12:13 | Queue | Skirmisher |
| 12:17 | Build | Palisade Wall |
| 12:19 | Queue | Villager (Male) |
| 12:26 | Build | House |
| 12:34 | Queue | Spearman |
| 12:38 | Queue | Skirmisher |
| 12:51 | Build | Farm |
| 12:52 | Build | Farm |
| 13:06 | Build | Palisade Wall |
| 13:11 | Build | House |
| 13:13 | Queue | Skirmisher |
| 13:26 | Queue | Villager (Male) |
| 13:34 | Build | Farm |
| 13:38 | Build | House |
| 13:43 | Build | Palisade Wall |
| 13:48 | Queue | Spearman |
| 13:51 | Queue | Villager (Male) |
| 13:55 | Queue | Skirmisher |
| 14:18 | Build | Blacksmith |
| 14:22 | Build | Farm |
| 14:25 | Queue | Spearman |
| 14:31 | Queue | Villager (Male) |
| 14:36 | Build | Farm |
| 14:38 | Build | Farm |
| 14:42 | Build | Farm |
| 14:44 | Build | Farm |
| 15:04 | Research | Arson |
| 15:07 | Queue | Villager (Male) |
| 15:10 | Build | Farm |
| 15:12 | Build | Mining Camp |
| 15:15 | Build | Farm |
| 15:28 | Queue | Villager (Male) |
| 15:34 | Build | House |
| 15:46 | Queue | Villager (Male) |
| 15:52 | Queue | Skirmisher |
| 16:03 | Build | House |
| 16:04 | Build | Palisade Wall |
| 16:05 | Queue | Villager (Male) |
| 16:08 | Build | Farm |
| 16:26 | Build | Farm |
| 16:34 | Queue | Villager (Male) |
| 16:47 | Research | Fletching |
| 16:47 | Queue | Villager (Male) |
| 16:51 | Build | Farm |
| 16:51 | Build | Farm |
| 16:51 | Build | Farm |
| 16:51 | Build | Farm |
| 17:00 | Queue | Spearman |
| 17:01 | Queue | Spearman |
| 17:06 | Queue | Villager (Male) |
| 17:08 | Build | Farm |
| 17:30 | Build | Farm |
| 17:52 | Build | House |
| 17:57 | Build | Palisade Wall |
| 17:59 | Build | Palisade Wall |
| 18:02 | Queue | Villager (Male) |
| 18:06 | Build | House |
| 18:08 | Build | House |
| 18:09 | Build | House |
| 18:16 | Queue | Villager (Male) |
| 18:49 | Queue | Villager (Male) |
| 19:01 | Queue | Villager (Male) |
| 19:20 | Build | Stable |
| 19:33 | Queue | Villager (Male) |
| 19:54 | Research | Castle Age |
| 20:09 | Build | Stable |
| 20:34 | Research | Bloodlines |
| 20:48 | Build | Farm |
| 21:28 | Build | Stable |
| 21:45 | Research | Gold Mining |
| 21:48 | Queue | Villager (Male) |
| 21:57 | Research | Scale Barding Armor |
| 22:43 | Queue | Villager (Male) |
| 22:48 | Age | Castle Age |
| 22:50 | Queue | Camel Scout |
| 22:51 | Queue | Camel Scout |
| 22:51 | Queue | Camel Scout |
| 22:53 | Research | Chain Barding Armor |
| 22:55 | Queue | Villager (Male) |
| 23:00 | Build | Town Center |
| 23:16 | Queue | Steppe Lancer |
| 23:16 | Queue | Steppe Lancer |
| 23:16 | Queue | Steppe Lancer |
| 23:31 | Build | Farm |
| 23:31 | Build | Farm |
| 23:32 | Build | Farm |
| 23:34 | Queue | Villager (Male) |
| 23:53 | Queue | Camel Scout |
| 23:56 | Queue | Camel Scout |
Build order — itsa true
First 150 of 447 actions detected
| 0:01 | Queue | Villager (Male) |
| 0:01 | Queue | Villager (Male) |
| 0:01 | Queue | Villager (Male) |
| 0:02 | Queue | Villager (Male) |
| 0:03 | Build | House |
| 0:04 | Build | House |
| 1:18 | Queue | Villager (Male) |
| 1:36 | Queue | Villager (Male) |
| 1:49 | Build | Mill |
| 2:14 | Queue | Villager (Male) |
| 2:14 | Queue | Villager (Male) |
| 2:41 | Queue | Villager (Male) |
| 2:56 | Queue | Villager (Male) |
| 3:04 | Queue | Villager (Male) |
| 3:21 | Queue | Villager (Male) |
| 3:51 | Build | House |
| 3:59 | Queue | Villager (Male) |
| 4:23 | Queue | Villager (Male) |
| 4:29 | Queue | Villager (Male) |
| 4:40 | Build | Lumber Camp |
| 5:40 | Research | Feudal Age |
| 6:41 | Build | House |
| 6:46 | Queue | Villager (Male) |
| 7:11 | Build | Barracks |
| 7:34 | Queue | Villager (Male) |
| 7:42 | Build | House |
| 8:01 | Age | Feudal Age |
| 8:05 | Build | Stable |
| 8:15 | Research | Double-Bit Axe |
| 8:29 | Build | Palisade Wall |
| 8:31 | Build | Palisade Wall |
| 8:38 | Queue | Villager (Male) |
| 8:47 | Queue | Scout Cavalry |
| 9:04 | Build | Palisade Gate |
| 9:10 | Queue | Scout Cavalry |
| 9:11 | Queue | Villager (Male) |
| 9:16 | Build | Mill |
| 9:28 | Queue | Scout Cavalry |
| 9:29 | Queue | Villager (Male) |
| 9:44 | Build | House |
| 9:46 | Build | House |
| 10:01 | Queue | Villager (Male) |
| 10:05 | Build | Farm |
| 10:07 | Build | Farm |
| 10:20 | Queue | Villager (Male) |
| 10:41 | Build | Mining Camp |
| 10:45 | Queue | Villager (Male) |
| 10:50 | Build | House |
| 11:00 | Build | Farm |
| 11:05 | Queue | Villager (Male) |
| 11:17 | Build | Farm |
| 11:29 | Build | Palisade Wall |
| 11:32 | Queue | Villager (Male) |
| 11:43 | Build | Farm |
| 11:50 | Build | Palisade Wall |
| 12:06 | Queue | Villager (Male) |
| 12:09 | Build | Farm |
| 12:26 | Build | Farm |
| 12:27 | Queue | Villager (Male) |
| 12:59 | Queue | Villager (Male) |
| 13:03 | Build | Blacksmith |
| 13:22 | Queue | Villager (Male) |
| 13:53 | Queue | Villager (Male) |
| 13:57 | Build | Lumber Camp |
| 14:00 | Build | House |
| 14:30 | Research | Castle Age |
| 14:30 | Research | Castle Age |
| 14:35 | Build | House |
| 14:57 | Queue | Scout Cavalry |
| 15:06 | Build | House |
| 15:21 | Queue | Scout Cavalry |
| 15:36 | Build | Market |
| 15:41 | Build | House |
| 15:44 | Research | Horse Collar |
| 16:15 | Build | House |
| 16:20 | Research | Bloodlines |
| 16:23 | Build | Farm |
| 16:27 | Build | Farm |
| 16:31 | Build | Farm |
| 16:32 | Build | Farm |
| 16:58 | Research | Forging |
| 17:10 | Age | Castle Age |
| 17:12 | Queue | Villager (Male) |
| 17:21 | Build | Town Center |
| 17:35 | Queue | Villager (Male) |
| 17:46 | Build | Monastery |
| 17:54 | Build | House |
| 17:55 | Research | Light Cavalry (upgrade) |
| 17:55 | Research | Light Cavalry (upgrade) |
| 18:06 | Research | Loom |
| 18:20 | Queue | Villager (Male) |
| 18:24 | Build | House |
| 18:42 | Queue | Villager (Male) |
| 18:57 | Queue | Monk |
| 18:59 | Build | House |
| 19:00 | Build | Palisade Wall |
| 19:01 | Build | House |
| 19:02 | Build | House |
| 19:03 | Queue | Villager (Male) |
| 19:06 | Build | Farm |
| 19:08 | Build | Farm |
| 19:10 | Queue | Villager (Male) |
| 19:14 | Build | House |
| 19:29 | Queue | Villager (Male) |
| 19:39 | Build | Farm |
| 19:40 | Build | Farm |
| 19:41 | Queue | Villager (Male) |
| 19:49 | Build | Town Center |
| 19:53 | Queue | Villager (Male) |
| 20:12 | Queue | Villager (Male) |
| 20:20 | Build | House |
| 20:28 | Queue | Villager (Male) |
| 20:42 | Queue | Villager (Male) |
| 20:45 | Queue | Monk |
| 20:50 | Build | Farm |
| 20:50 | Build | Farm |
| 20:52 | Build | Farm |
| 20:53 | Queue | Villager (Male) |
| 21:04 | Queue | Villager (Male) |
| 21:10 | Build | Farm |
| 21:12 | Build | Farm |
| 21:22 | Queue | Villager (Male) |
| 21:34 | Queue | Villager (Male) |
| 21:37 | Build | Farm |
| 21:38 | Build | Farm |
| 21:40 | Queue | Scout Cavalry |
| 21:44 | Build | House |
| 21:45 | Build | House |
| 21:53 | Build | Farm |
| 21:53 | Build | Farm |
| 21:58 | Queue | Villager (Male) |
| 22:04 | Build | Farm |
| 22:10 | Queue | Villager (Male) |
| 22:13 | Build | Farm |
| 22:20 | Queue | Villager (Male) |
| 22:25 | Queue | Villager (Male) |
| 22:34 | Queue | Villager (Male) |
| 22:34 | Queue | Villager (Male) |
| 22:44 | Queue | Villager (Male) |
| 22:50 | Queue | Villager (Male) |
| 22:52 | Build | Farm |
| 22:53 | Build | Farm |
| 22:54 | Build | Farm |
| 22:54 | Build | Farm |
| 22:56 | Build | Farm |
| 22:56 | Build | Farm |
| 22:57 | Queue | Villager (Male) |
| 23:12 | Queue | Villager (Male) |
| 23:17 | Build | Archery Range |
| 23:20 | Queue | Villager (Male) |
Match timeline
| 7:11 | itsa true · first_building Barracks |
| 7:14 | aDT_Flempopo · first_building Barracks |
| 8:01 | itsa true · age_up feudal |
| 8:05 | itsa true · first_building Stable |
| 8:27 | aDT_Flempopo · age_up feudal |
| 8:29 | itsa true · wall_segment Palisade Wall x8 |
| 8:30 | aDT_Flempopo · first_building Archery Range |
| 8:31 | itsa true · wall_segment Palisade Wall x3 |
| 9:15 | aDT_Flempopo · wall_segment Palisade Wall x9 |
| 9:46 | aDT_Flempopo · wall_segment Palisade Wall x4 |
| 9:46 | aDT_Flempopo · wall_segment Palisade Wall x2 |
| 10:24 | aDT_Flempopo · wall_segment Palisade Wall x7 |
| 11:06 | aDT_Flempopo · wall_segment Palisade Wall x5 |
| 11:29 | itsa true · wall_segment Palisade Wall x6 |
| 11:49 | aDT_Flempopo · wall_segment Palisade Wall x7 |
| 11:50 | itsa true · wall_segment Palisade Wall x6 |
| 12:17 | aDT_Flempopo · wall_segment Palisade Wall x5 |
| 13:06 | aDT_Flempopo · wall_segment Palisade Wall x3 |
| 13:43 | aDT_Flempopo · wall_segment Palisade Wall x1 |
| 16:04 | aDT_Flempopo · wall_segment Palisade Wall x6 |
| 17:10 | itsa true · age_up castle |
| 17:46 | itsa true · first_building Monastery |
| 17:57 | aDT_Flempopo · wall_segment Palisade Wall x2 |
| 17:59 | aDT_Flempopo · wall_segment Palisade Wall x7 |
| 19:00 | itsa true · wall_segment Palisade Wall x1 |
| 19:20 | aDT_Flempopo · first_building Stable |
| 22:48 | aDT_Flempopo · age_up castle |
| 23:17 | itsa true · first_building Archery Range |
| 25:03 | itsa true · first_market_sell 100 wood |
| 25:21 | itsa true · wall_segment Palisade Wall x1 |
| 26:20 | itsa true · wall_segment Stone Wall x1 |
| 26:22 | itsa true · wall_segment Stone Wall x1 |
| 26:51 | aDT_Flempopo · first_market_buy 100 food |
| 27:02 | itsa true · first_market_buy 100 stone |
| 27:04 | itsa true · first_building Castle |
| 27:09 | itsa true · wall_segment Stone Wall x1 |
| 27:10 | itsa true · wall_segment Stone Wall x1 |
| 27:12 | itsa true · wall_segment Stone Wall x1 |
| 27:32 | itsa true · wall_segment Stone Wall x5 |
| 29:48 | itsa true · wall_segment Stone Wall x2 |
| 30:40 | aDT_Flempopo · first_market_sell 100 food |
| 38:05 | aDT_Flempopo · resign |
[ AI ANALYSIS · 1 CREDIT ]
What really happened in this match?
Wolo.gg analyzes every decision: build order, eco, micro, common mistakes by bracket. Personalized analysis on WhatsApp or Discord in 30 seconds.
Civ guide
Mongols
Perfil
Jugador #896261